 Dungeon Crawl Stone Soup version 0.21-a0-442-g848f44b (webtiles) character file.

4275 kae the Cleaver (level 10, -5/90 HPs)
             Began as a Minotaur Fighter on Nov 12, 2017.
             Was an Elder of Okawaru.
             Slain by a troll (9 damage)
             ... on level 8 of the Dungeon.
             The game lasted 00:07:38 (7405 turns).

kae the Cleaver (Minotaur Fighter)                  Turns: 7405, Time: 00:07:39

Health: -5/90      AC: 12    Str: 22    XL:     10   Next: 10%
Magic:  10/12      EV: 12    Int:  7    God:    Okawaru [****..]
Gold:   502        SH:  0    Dex: 10    Spells: 9/9 levels left

rFire    . . .     SeeInvis +   e - +7 battleaxe "Rits" {protect, MR+}
rCold    x . .     Gourm    .   (shield currently unavailable)
rNeg     + . .     Faith    .   b - +1 scale mail
rPois    .         Spirit   .   (helmet restricted)
rElec    .         Reflect  .   D - scarf "Xota" {+Blink rC- rN+} (curse)
rCorr    .         Harm     .   i - +2 pair of gloves
MR       +....                  (no boots)
Stlth    ..........             (no amulet)
HPRegen  0.25/turn              g - +2 ring of evasion
MPRegen  0.13/turn              k - ring of see invisible

@: invisible
A: retaliatory headbutt, horns 2
a: Heroism, Renounce Religion, Evoke Blink


You were on level 8 of the Dungeon.
You worshipped Okawaru.
Okawaru was greatly pleased with you.
You were very hungry.

You visited 2 branches of the dungeon, and saw 9 of its levels.
You also visited: Ossuary.

You collected 502 gold pieces.

Inventory:

Hand Weapons
 a - a +1 long sword
 e - the +7 battleaxe "Rits" (weapon) {protect, MR+}
   (You found it on level 4 of the Dungeon)

   It protects the one who uses it against injury (+AC on strike).
   It affects your resistance to hostile enchantments.
 y - the +7 morningstar "Zuon" {crush, rF+}
   (You found it on level 5 of the Dungeon)

   It inflicts extra damage upon your enemies.
   It protects you from fire.
 E - a +2 morningstar of protection
Armour
 b - a +1 scale mail (worn)
 c - a +0 shield
 i - a +2 pair of gloves (worn)
 D - the cursed scarf "Xota" (worn) {+Blink rC- rN+}
   (You found it on level 7 of the Dungeon)

   It makes you vulnerable to cold.
   It protects you from negative energy.
   It lets you blink.
   It has a curse placed upon it.
 J - a +0 cloak
Jewellery
 g - a +2 ring of evasion (left hand)
 k - a ring of see invisible (right hand)
Wands
 q - a wand of confusion (29/48)
Scrolls
 j - a scroll of recharging
 l - 2 scrolls of enchant weapon
 m - 4 scrolls of immolation
 r - 2 scrolls of fear
 u - 2 scrolls of remove curse
 I - a scroll of identify
Potions
 d - 2 potions of might
 h - 4 potions of flight
 n - a potion of degeneration {unknown}
 o - 4 potions of mutation
 p - 7 potions of curing
 s - 2 potions of magic
 t - 2 potions of lignification
 v - a potion of ambrosia {unknown}
 w - a potion of invisibility
 x - 2 potions of agility {unknown}
 z - a potion of heal wounds {unknown}
 A - 3 potions of berserk rage {unknown}
 H - a potion of haste {unknown}
Books
 F - a book of Maledictions

   Spells                             Type                      Level
   a - Corona                         Hexes                        1
   b - Ensorcelled Hibernation        Hexes/Ice                    2
   c - Confuse                        Hexes                        3
   d - Tukima's Dance                 Hexes                        3
   e - Dazzling Spray                 Conjuration/Hexes            3
Comestibles
 f - 6 bread rations
 B - 2 royal jellies
 C - 2 fruits
 K - a meat ration


   Skills:
 + Level 8.7 Fighting
 - Level 5.1 Long Blades
 * Level 10.0 Axes
 + Level 8.7 Armour
 - Level 6.3 Shields
 + Level 4.7 Invocations


You had 9 spell levels left.
You didn't know any spells.

Dungeon Overview and Level Annotations

Branches:
Dungeon (8/15)             Temple (1/1) D:5
   Lair: D:8-11

Altars:
Ashenzari
Cheibriados
Dithmenos
Elyvilon
Fedhas
Gozag
Hepliaklqana
Kikubaaqudgha
Makhleb
Nemelex Xobeh
Okawaru
Qazlal
Ru
Sif Muna
Trog
Uskayaw
Vehumet
Wu Jian
Xom
Yredelemnul
Zin
The Shining One

Shops:
D:4 :


Innate Abilities, Weirdness & Mutations

You reflexively headbutt those who attack you in melee.
You have a pair of horns on your head.


Message History

The orc hits you but does no damage.
The soldier ant moves out of view.
The troll closely misses you. The troll claws you.
* * * LOW HITPOINT WARNING * * *
The troll claws you.
* * * LOW HITPOINT WARNING * * *
Found a scroll of identify.
The orc barely misses you. You furiously retaliate!
You headbutt the orc!
You kill the orc!
Okawaru accepts your kill.
You blink.
You feel slightly more hungry.
As you read the scroll labeled NYUNOE HIUFULUH, it crumbles to dust.
You feel aware of your surroundings.
It was a scroll of magic mapping.
Okay, then.
You fade into invisibility!
The troll bites you!
* * * LOW HITPOINT WARNING * * *
The troll claws you.
* * * LOW HITPOINT WARNING * * *
The troll claws you!
You die...

≈≈*#..######.# *,***,* *
***##........########***,***,*
*
,,,*########.........,,,*,,,,*
* ,,,,,,,,*
#.########***,********
*,*****,** #....## *,,,,,,,,,
*,****,*,* #.##..# *,********
*,,,,,***#######.# *,*
*.#***,**#a..#*#.# *,* #.#
***#.##oT##@# *,*
..*****#.,*.##.#T# ***,*
.,,,,,..,*?#,#.o.# *,,,*
#.#**##*,##,#..### *,*** #.#
**,,*#.## *,* ..# **,.[#* *,*
..# *###* *,* .## *,* ##
**********,*


You could see a troll and an orc (invisible).

Vanquished Creatures
  A two-headed ogre (D:8)
  Pikel (D:8)
  The ghost of Autsider the Geomancer, a novice GnWn (D:7)
  Prince Ribbit (D:6)
  Grinder (D:6)
  A hippogriff (D:7)
  A yak (D:6)
  An ice beast (D:5)
  2 ogres
  3 sky beasts
  2 centaurs
  Blork the orc (D:6)
  3 bullfrogs
  The ghost of KristoblXynda the Sneak, an amateur SpEn (D:3)
  3 scorpions
  2 howler monkeys
  A centaur zombie (D:5)
  4 crimson imps
  A jelly (D:6)
  A quasit (D:5)
  2 bullfrog zombies (D:5)
  2 orc priests (D:6)
  Crazy Yiuf (D:6)
  4 hounds
  A bullfrog skeleton (D:5)
  An iguana (D:5)
  4 orc wizards
  A worker ant (D:5)
  2 hound skeletons (D:5)
  8 mummies (Ossuary)
  A worker ant zombie (D:5)
  3 adders
  3 shadow imps
  An ooze (D:1)
  3 adder skeletons
  A dart slug (D:1)
  5 leopard geckos
  17 orcs
  3 bats (D:1)
  7 giant cockroaches
  5 hobgoblins
  10 jackals
  9 kobolds
  3 quokkas
  11 frilled lizards
  4 goblins
  3 hobgoblin zombies (Ossuary)
  2 kobold zombies (Ossuary)
  A leopard gecko skeleton (D:5)
  A leopard gecko zombie (D:5)
  3 orc zombies (Ossuary)
  3 quokka skeletons
  3 quokka zombies (D:5)
  9 rats
  A rat zombie (D:4)
170 creatures vanquished.

Notes
Turn   | Place    | Note
-------+----------+-------------------------------------------
     0 | D:1      | kae the Minotaur Fighter began the quest for the Orb.
     0 | D:1      | Reached XP level 1. HP: 19/19 MP: 0/0
    71 | D:1      | Reached XP level 2. HP: 20/27 MP: 1/1
   756 | D:2      | Reached XP level 3. HP: 33/33 MP: 2/2
   888 | D:2      | Noticed a sky beast
   895 | D:2      | Killed a sky beast
   895 | D:2      | Reached XP level 4. HP: 41/41 MP: 3/3
  1068 | D:2      | Found a faded altar of an unknown god.
  1272 | D:2      | Reached XP level 5. HP: 47/47 MP: 4/4
  2073 | D:3      | Noticed KristoblXynda's ghost (amateur SpEn)
  2084 | D:3      | Killed KristoblXynda's ghost
  2783 | D:4      | Reached skill level 5 in Long Blades
  2805 | D:4      | Reached XP level 6. HP: 55/55 MP: 5/5
  2806 | D:4      | Found a sand-covered staircase.
  2807 | D:4      | Reached skill level 5 in Armour
  2816 | D:4      | Got a bone battleaxe
  2825 | D:4      | Identified the +7 battleaxe "Rits" {protect, MR+} (You found it on level 4 of the Dungeon)
  2950 | Ossuary  | Entered an ossuary
  2968 | Ossuary  | Reached skill level 5 in Shields
  2969 | Ossuary  | Reached skill level 5 in Fighting
  2969 | Ossuary  | Reached skill level 1 in Axes
  3460 | D:4      | Reached skill level 2 in Axes
  3510 | D:4      | Found Temun's Book Shop.
  3855 | D:5      | Entered Level 5 of the Dungeon
  3879 | D:5      | Reached XP level 7. HP: 61/61 MP: 6/6
  3881 | D:5      | Reached skill level 3 in Axes
  3995 | D:5      | Got a polished morningstar
  3996 | D:5      | Identified the +7 morningstar "Zuon" {crush, rF+} (You found it on level 5 of the Dungeon)
  4015 | D:5      | Reached skill level 4 in Axes
  4176 | D:5      | Reached skill level 5 in Axes
  4176 | D:5      | Reached XP level 8. HP: 53/70 MP: 7/7
  4247 | D:5      | Found a sacrificial altar of Ru.
  4473 | D:5      | Found a staircase to the Ecumenical Temple.
  4485 | Temple   | Entered the Ecumenical Temple
  4507 | Temple   | Became a worshipper of Warmaster Okawaru
  4765 | D:6      | Noticed Prince Ribbit
  4951 | D:6      | Killed Prince Ribbit
  4951 | D:6      | Reached skill level 6 in Axes
  4951 | D:6      | Reached skill level 1 in Invocations
  5392 | D:6      | Found a bloodstained altar of Trog.
  5544 | D:6      | Noticed Blork the orc
  5555 | D:6      | Killed Blork the orc
  5555 | D:6      | Reached * piety under Okawaru
  5562 | D:6      | Reached skill level 7 in Axes
  5719 | D:7      | Noticed a hippogriff
  5725 | D:7      | Killed a hippogriff
  5725 | D:7      | Reached ** piety under Okawaru
  5725 | D:7      | Reached XP level 9. HP: 74/79 MP: 8/10
  5770 | D:7      | Got a heavily runed scarf
  5776 | D:7      | Identified the cursed scarf "Xota" {+Blink rC- rN+} (You found it on level 7 of the Dungeon)
  6239 | D:7      | Noticed Autsider's ghost (novice GnWn)
  6252 | D:7      | Killed Autsider's ghost
  6252 | D:7      | Reached skill level 8 in Axes
  6628 | D:6      | Noticed Grinder
  6634 | D:6      | Paralysed by Grinder for 3 turns
  6647 | D:6      | Killed Grinder
  6708 | D:6      | Found a runed door.
  6746 | D:6      | Found a white marble altar of Elyvilon.
  6751 | D:6      | Reached *** piety under Okawaru
  6894 | D:6      | Noticed Crazy Yiuf
  6896 | D:6      | Killed Crazy Yiuf
  6896 | D:6      | Reached skill level 9 in Axes
  6973 | D:8      | Noticed a two-headed ogre
  6978 | D:8      | Killed a two-headed ogre
  7338 | D:8      | Noticed Pikel
  7345 | D:8      | Killed Pikel
  7345 | D:8      | Reached **** piety under Okawaru
  7345 | D:8      | Reached XP level 10. HP: 90/90 MP: 12/12
  7370 | D:8      | Reached skill level 10 in Axes
  7405 | D:8      | HP: 4/90 [troll (3)]
  7405 | D:8      | Slain by a troll

Vault maps used:
D:1:      kennysheep_arrival_forest
D:2:      chequers_ecumenical_altar_simple_redux, minmay_lizard_pond
D:3:      kennysheep_generic_room_16
D:4:      serial_shops, nicolae_shop_window_shopping, enter_ossuary_3,
          glass_columns_c
D:5:      minmay_temple_entry_nine_rooms, first_bread, serial_undead,
          serial_undead_f, serial_undead_e, serial_undead_a, serial_undead_f,
          nicolae_ru_sacrificial_ziggurat
D:6:      kennysheep_big_flooded_room, lemuel_crystal_altar, basic_altar,
          uniq_crazy_yiuf_cottage, uniq_prince_ribbit1, uniq_grinder,
          uniq_blork_the_orc
D:8:      minmay_bloctagon_deflated, grunt_ministairs_9,
          kennysheep_big_empty_room, uniq_pikel
Temple:   nicolae_temple_the_god_donut
Ossuary:  ossuary_tomb_3

Skill      XL: |  1  2  3  4  5  6  7  8  9 10 |
---------------+-------------------------------+-----
Long Blades    | 3 4 5 |  5.1
Fighting       | 4 5 6 7 8 |  8.7
Armour         | 4 5 6 7 8 |  8.7
Shields        | 4 5 6 |  6.3
Axes           | 2 5 7 9 10 | 10.0
Invocations    | 2 4 |  4.7

Action                   |  1- 3 |  4- 6 |  7- 9 | 10-12 || total
-------------------------+-------+-------+-------+-------++-------
Melee: Long sword        |    81 |    98 |       |       ||   179
       Headbutt          |    13 |    19 |    33 |     4 ||    69
       Battleaxe         |       |    42 |   177 |    12 ||   231
 Abil: Evoke Blink       |       |       |       |     2 ||     2
  Use: Potion            |     1 |       |     2 |     1 ||     4
       Scroll            |       |    17 |     1 |     1 ||    19
  Eat: Chunk             |       |     9 |     6 |       ||    15
       Meat ration       |       |       |     1 |       ||     1
Armor: Scale mail        |    24 |    67 |   121 |    12 ||   224
Dodge: Dodged            |    25 |    51 |   108 |    11 ||   195
Block: Shield            |    34 |    54 |       |       ||    88
       Rpst.: Long sword |     6 |     4 |       |       ||    10

Table legend:
 A = Spawn XP
 B = Non-spawn XP
 C = Spawn XP percentage of total XP
 D = Spawn monster count
 E = Non-spawn monster count
 F = Spawn count percentage of total count
 G = Total turns spent on level
                    A         B        C        D         E        F      G
               +---------+---------+-------+---------+---------+-------+---------
         Total |       0 |    6108 |   0.0 |       0 |     170 |   0.0 |  7405
               +---------+---------+-------+---------+---------+-------+---------
           D:1 |       0 |      39 |   0.0 |       0 |      19 |   0.0 |   711
           D:2 |       0 |     173 |   0.0 |       0 |      26 |   0.0 |   829
           D:3 |       0 |     132 |   0.0 |       0 |      20 |   0.0 |  1201
           D:4 |       0 |     197 |   0.0 |       0 |      10 |   0.0 |   827
           D:5 |       0 |     971 |   0.0 |       0 |      28 |   0.0 |   994
           D:6 |       0 |    1712 |   0.0 |       0 |      29 |   0.0 |  1099
           D:7 |       0 |    1026 |   0.0 |       0 |      11 |   0.0 |  1209
           D:8 |       0 |    1706 |   0.0 |       0 |      11 |   0.0 |   194
       Ossuary |       0 |     152 |   0.0 |       0 |      16 |   0.0 |   287
               +---------+---------+-------+---------+---------+-------+---------
